 Dungeon Crawl Stone Soup version 0.28.0-49-g6dfe1f597d (webtiles) character file.

Game seed: 4612582735309918229

35 Exodus22XD the Shield-Bearer (level 3, 27/34 HPs)
             Began as a Deep Dwarf Fighter on May 14, 2022.
             Was a Believer of Lugonu.
             Quit the game on level 2 of the Dungeon.
             The game lasted 00:00:42 (460 turns).

Exodus22XD the Shield-Bearer (Deep Dwarf Fighter)    Turns: 460, Time: 00:00:42

Health: 27/34      AC:  7    Str: 21    XL:     3   Next: 16%
Magic:  3/3        EV:  9    Int:  8    God:    Lugonu [**....]
Gold:   28         SH:  4    Dex: 12    Spells: 2/2 levels left

rFire   . . .      SeeInvis .   a - +0 war axe
rCold   . . .      Faith    .   c - +0 buckler
rNeg    . . .      Spirit   .   b - +0 scale mail
rPois   .          Reflect  .   (no helmet)
rElec   .          Harm     .   (no cloak)
rCorr   .          Rampage  .   (no gloves)
Will    .....                   (no boots)
Stlth   ..........              (no amulet)
HPRegen 0.00/turn               (no ring)
MPRegen 0.08/turn               (no ring)

@: no status effects
A: damage resistance, heal wounds, sense surroundings 1, no regeneration
a: Heal Wounds, Renounce Religion, Depart the Abyss, Bend Space


You were on level 2 of the Dungeon.
You worshipped Lugonu.
Lugonu was pleased with you.
You visited 1 branch of the dungeon, and saw 2 of its levels.

You collected 28 gold pieces.

Inventory:

Hand Weapons
 a - a +0 war axe (weapon)
Armour
 b - a +0 scale mail (worn)
 c - a +0 buckler (worn)
Jewellery
 g - a ring of positive energy
Scrolls
 f - 2 scrolls of fog {unknown}
Potions
 d - a potion of might
 e - 2 potions of curing {unknown}
 h - a potion of heal wounds {unknown}
 i - a potion of resistance {unknown}


   Skills:
 + Level 3.0 Fighting
 + Level 2.6 Axes
 + Level 3.7 Armour
 + Level 3.7 Shields


You had 2 spell levels left.
You didn't know any spells.
Your spell library was empty.

Dungeon Overview and Level Annotations

Branches:
Dungeon (2/15)

Altars:
Lugonu

Shops:
D:1 *


Innate Abilities, Weirdness & Mutations

You are resistant to damage.
You can heal yourself by infusing magical energy.
You passively map a small area around you.
You do not regenerate.


Message History

There is a stone staircase leading up here.
Found a rapier.
i - a lumpy emerald potion No target in view!
You see here a +0 rapier.
Found a faded altar of an unknown god.
No target in view!
Okay, then.
Unknown command.
A worm comes into view.
Found 19 sling bullets.
A nearby plant withers and dies.
The worm is caught in a web!
There is a faded altar of an unknown god here.
You see here Plato's Tome of Changing.
You cannot tell which god this altar belongs to.
Convert to them anyway?
Lugonu accepts your prayer! Lugonu welcomes you!
You can now depart the Abyss.
You can now bend space around yourself.
The worm struggles to get unstuck from the web.
You slash the worm!
The worm is moderately wounded.
The worm pulls away from the web.
You completely miss the worm.
The worm is moderately wounded.
The worm barely misses you.
You barely miss the worm.
The worm is moderately wounded.
The worm closely misses you.
You barely miss the worm.
The worm is moderately wounded.
The worm bites you.
You slash the worm!
The worm is severely wounded.
You slash the worm!
You kill the worm!
Lugonu accepts your kill.
Search for what [Enter for "god", or ? for help]?
Okay, then.
Unknown command.
Are you sure you want to abandon this character and quit the game? (Confirm with "yes".)

, , , , * * .. , , ..
, , . .# ** *. , . .#
, .* * * # #.#.#####.#
# #.#.#.#._.#P#.#,,
#.....^...^^.^(. *
#......@........, * ,
, , ####+#.......... #
##.............. .##.
#............... * ,
....##...............
*
,......##.###########,
* ###.....#)#
........#.# #.......#


There were no monsters in sight!

Vanquished Creatures
  2 adders (D:2)
  A worm (D:2)
  2 bats (D:1)
  2 endoplasms (D:1)
  A goblin (D:1)
  A hobgoblin (D:1)
  A kobold (D:1)
  A quokka (D:1)
  A frilled lizard (D:1)
  2 rats (D:1)
14 creatures vanquished.

Vanquished Creatures (others)
  A plant (D:2)
1 creature vanquished.

Grand Total: 15 creatures vanquished

Notes
Turn   | Place    | Note
-------+----------+-------------------------------------------
     0 | D:1      | Exodus22XD the Deep Dwarf Fighter began the quest for the
                  | Orb.
     0 | D:1      | Reached XP level 1. HP: 20/20 MP: 1/1
   109 | D:1      | Found Naocu's General Store.
   212 | D:1      | Reached XP level 2. HP: 21/27 MP: 2/2
   420 | D:2      | Reached XP level 3. HP: 27/34 MP: 3/3
   442 | D:2      | Found a faded altar of an unknown god.
   450 | D:2      | Prayed at the altar of an unknown god.
   450 | D:2      | Became a worshipper of Lugonu the Unformed
   450 | D:2      | Reached * piety under Lugonu
   450 | D:2      | Reached ** piety under Lugonu
   460 | D:2      | Quit the game

Illustrated notes

Levels and vault maps discovered:
D:1:      eino_arrival_tree_alley, layout_rooms, serial_shops, shop,
          bh_walls_and_bars
D:2:      layout_basic, shapermc_ecumenical_altar_rom_forum, basic_altar

Skill      XL: |  1  2 |
---------------+-------+-----
Fighting       | 3 |  3.0
Axes           | |  2.6
Armour         | |  3.7
Shields        | |  3.7

Action                   || total
-------------------------++-------
Melee: War axe           ||    35
Armor: Scale mail        ||    10
Dodge: Dodged            ||    22
Block: Buckler           ||    11
